 Dungeon Crawl Stone Soup version 0.31-a0-931-g7b59d4eb97 (webtiles) character file.

Game seed: 11051434787845718450

987 Dirtsage the Cleaver (level 7, -10/52 HPs)
             Began as a Demonspawn Fighter on Oct 20, 2023.
             Mangled by Blork the orc
             ... wielding a +0 glaive of distortion
              (13 damage)
             ... on level 6 of the Dungeon.
             The game lasted 00:10:13 (4681 turns).

Dirtsage the Cleaver (Demonspawn Fighter)           Turns: 4681, Time: 00:10:13

Health: -10/52     AC: 11    Str: 18    XL:     7   Next: 97%
Magic:  7/7        EV:  9    Int:  9    God:
Gold:   280        SH:  4    Dex: 13    Spells: 4/6 levels left

rFire   . . .        a - +0 war axe
rCold   . . .        c - +0 buckler
rNeg    . . .        b - +0 scale mail
rPois   .            (no helmet)
rElec   .            u - +1 cloak
rCorr   +            (no gloves)
SInv    .            j - +0 pair of boots
Will    .....        (no amulet) Stlth
                     C - ring of resist corrosion
HPRegen 0.28/turn    (no ring)
MPRegen 0.10/turn

%: no passive effects
@: no status effects
A: slimy green scales 1, demonic guardian 2
a: no special abilities


You were on level 6 of the Dungeon.
You visited 2 branches of the dungeon, and saw 7 of its levels.

You collected 280 gold pieces.

Inventory:

Hand Weapons
 a - a +0 war axe (weapon)
 x - the +8 spear of Kozxeis {speed, Will++ rCorr}
   (You found it on level 3 of the Dungeon)

   Will++:    It greatly increases your willpower.
   rCorr:     It protects you from acid and corrosion.
Missiles
 p - 3 curare-tipped darts
Armour
 b - a +0 scale mail (worn)
 c - a +0 buckler (worn)
 j - a +0 pair of boots (worn)
 l - a +2 pair of boots
 m - a +0 crystal plate armour
 u - a +1 cloak (worn)
Jewellery
 w - a +6 ring of intelligence
 C - a ring of resist corrosion (left hand)
Scrolls
 e - 2 scrolls of fog {unknown}
 f - 3 scrolls of poison {unknown}
 g - a scroll of revelation {unknown}
 i - 3 scrolls of identify
 k - 3 scrolls of immolation {unknown}
 o - a scroll of enchant armour {unknown}
 s - 2 scrolls of teleportation {unknown}
 v - 4 scrolls of noise {unknown}
 y - a scroll of butterflies {unknown}
Potions
 d - a potion of might
 h - a potion of magic
 n - a potion of haste {unknown}
 q - a potion of mutation {unknown}
 r - 2 potions of berserk rage {unknown}
 t - a potion of degeneration {unknown}
 z - a potion of brilliance {unknown}


   Skills:
 - Level 3.0 Fighting
 + Level 8.6 Axes
 - Level 2.6 Armour
 - Level 2.6 Shields


You had 4 spell levels left.
You knew the following spells:

 Your Spells              Type           Power      Damage    Failure   Level
a - Wereblood             Tmut           0%         N/A       94%         2

Your spell library contained the following spells:

 Spells                   Type           Power      Damage    Failure   Level
 Scorch                   Fire           0%         2d5       94%         2
 Dazzling Flash           Conj/Hex       0%         N/A       99%         3
 Volatile Blastmotes      Fire/Tloc      0%         2d10      99%         3
 Summon Ice Beast         Ice/Summ       0%         N/A       100%        4
 Vhi's Electric Charge    Tloc/Air       0%         N/A       100%        4
 Arcjolt                  Conj/Air       0%         1d10      100%        5
 Irradiate                Conj/Tmut      0%         3d11      100%        5
 Plasma Beam              Fire/Air       0%         2x1d10    100%        6
 Starburst                Conj/Fire      0%         6d3       100%        6
 Maxwell's Capacitive Co  Air            0%         ∞         100%        8


Dungeon Overview and Level Annotations

Branches:
Dungeon (6/15)             Temple (1/1) D:5

Altars:
Ashenzari
Cheibriados
Dithmenos
Fedhas
Gozag
Hepliaklqana
Kikubaaqudgha
Makhleb
Nemelex Xobeh
Qazlal
Ru
Sif Muna
Vehumet
Yredelemnul

Shops:
D:4 *

Annotations:
D:6 Blork the orc


Innate Abilities, Weirdness & Mutations

You are partially covered in slimy green scales. (AC +2)
A demonic guardian rushes to your aid.


Message History

You hit Blork the orc.
Blork the orc is heavily wounded.
You block the gnoll sergeant's attack.
Blork the orc hits you with a +0 glaive of distortion.
Space warps around you.
You take 2 damage, and have 42/52 hp.
You barely miss Blork the orc.
Blork the orc is heavily wounded.
Blork the orc hits you with a +0 glaive of distortion.
You blink.
You block the gnoll sergeant's attack.
You take 5 damage, and have 37/52 hp.
The gnoll sergeant closely misses you.
Blork the orc hits you but does no damage.
Space warps horribly around you!
The gnoll sergeant hits you but does no damage.
You take 13 damage, and have 24/52 hp.
MASSIVE DAMAGE!!
You are too injured to fight recklessly!
You are too injured to fight recklessly!
You are too injured to fight recklessly!
You closely miss the gnoll sergeant. You slash the gnoll sergeant!
The gnoll sergeant closely misses you.
Blork the orc casts a spell.
Blork the orc seems to speed up.
The gnoll sergeant closely misses you.
You hit the gnoll sergeant.
The gnoll sergeant is moderately wounded.
You closely miss the gnoll sergeant. You block Blork the orc's attack.
The gnoll sergeant hits you but does no damage.
The gnoll sergeant closely misses you.
You hit the gnoll sergeant but do no damage.
The gnoll sergeant is moderately wounded.
You hit the gnoll sergeant but do no damage.
You barely miss the wight.
Blork the orc hits you but does no damage.
Space warps horribly around you!
* * * LOW HITPOINT WARNING * * *
A demonic guardian appears!
Blork the orc hits you from afar with a +0 glaive of distortion!
* * * LOW HITPOINT WARNING * * *
Space warps horribly around you!
You die...

##. ## ..
.# #. !# #
#.##.# #.
..#.#
####.##.#.#
#.........#
#.........#
#..###.@..#
#..#)#ggz.#
#..###o..4#
#........##
#.......##
##.###..#
#...<..#
......#####
#####


You could see Blork the orc (fast), 2 gnoll sergeants, a wight (ally target) and
a friendly hellwing (summoned).

Vanquished Creatures
  An ice beast (D:5)
  2 ogres
  A scorpion (D:5)
  2 orc wizards (D:3)
  2 iguanas (D:5)
  3 adders
  An ufetubus (D:5)
  3 worms
  3 dart slugs
  6 orcs (D:3)
  10 ball pythons
  3 bats
  7 endoplasms
  4 giant cockroaches
  8 hobgoblins
  3 quokkas
  6 frilled lizards
  11 goblins
  12 kobolds
  5 rats
  A spectral orc (D:3)
94 creatures vanquished.

Vanquished Creatures (collateral kills)
  2 water moccasins (D:5)
  A black bear (D:5)
  A phantom (D:5)
  A scorpion (D:5)
  An ufetubus (D:5)
  An orc (D:3)
  A goblin (D:3)
  A hobgoblin (D:3)
9 creatures vanquished.

Grand Total: 103 creatures vanquished

Notes
Turn   | Place    | Note
-------+----------+-------------------------------------------
     0 | D:1      | Dirtsage the Demonspawn Fighter began the quest for the
                  | Orb.
     0 | D:1      | Reached XP level 1. HP: 18/18 MP: 1/1
    40 | D:1      | Reached skill level 2 in Axes
   113 | D:1      | Gained mutation: A weak demonic guardian rushes to your
                  | aid. [demonic ancestry]
   113 | D:1      | Reached XP level 2. HP: 22/24 MP: 2/2
   243 | D:1      | Reached skill level 3 in Axes
   335 | D:1      | Got the Lessons on the Throng and Lava
   422 | D:1      | Reached XP level 3. HP: 27/29 MP: 3/3
   557 | D:1      | Found a faded altar of an unknown god.
  1470 | D:2      | You fall into a shaft and drop 2 floors!
  1502 | D:4      | Found an opulent altar of Gozag.
  1590 | D:2      | Gained mutation: You are partially covered in slimy green
                  | scales. (AC +2) [demonic ancestry]
  1590 | D:2      | Reached XP level 4. HP: 35/35 MP: 4/4
  1715 | D:3      | Reached skill level 4 in Axes
  1771 | D:3      | Identified the +0 ring mail of Qeimeh {+Blink rF+++}
  1985 | D:3      | Identified the +8 spear of Kozxeis {speed, Will++ rCorr}
  2126 | D:3      | Found a sacrificial altar of Ru.
  2130 | D:3      | Reached XP level 5. HP: 41/41 MP: 5/5
  2181 | D:3      | Noticed an ogre
  2190 | D:3      | Killed an ogre
  2191 | D:3      | Reached skill level 5 in Axes
  2257 | D:3      | Found a basalt altar of Yredelemnul.
  2542 | D:4      | Found a stormy altar of Qazlal.
  2683 | D:4      | Found Gozag's Platinum Reserve.
  2687 | D:4      | Identified the +1 falchion of Dim Light {holy, *Noise rElec
                  | rN+ rCorr}
  2694 | D:4      | Noticed an ogre
  2701 | D:4      | Killed an ogre
  2702 | D:4      | Reached skill level 6 in Axes
  2702 | D:4      | Gained mutation: A demonic guardian rushes to your aid.
                  | [demonic ancestry]
  2702 | D:4      | Reached XP level 6. HP: 46/47 MP: 6/6
  2899 | D:4      | Learned a level 2 spell: Wereblood
  2936 | D:5      | Entered Level 5 of the Dungeon
  3011 | D:5      | Noticed a water moccasin
  3023 | D:5      | HP: 1/47 [poisoned by a water moccasin]
  3024 | D:5      | Killed a water moccasin
  3215 | D:5      | Noticed a water moccasin
  3234 | D:5      | Killed a water moccasin
  3235 | D:5      | Reached skill level 7 in Axes
  3235 | D:5      | Reached XP level 7. HP: 19/52 MP: 7/7
  3540 | D:5      | Found a staircase to the Ecumenical Temple.
  3569 | Temple   | Entered the Ecumenical Temple
  3610 | D:5      | Found a shimmering blue altar of Sif Muna.
  3623 | D:5      | Reached skill level 8 in Axes
  4169 | D:5      | Identified a scroll of acquirement
  4170 | D:5      | Acquired a +0 crystal plate armour
  4671 | D:6      | Noticed Blork the orc
  4681 | D:6      | Mangled by Blork the orc

Illustrated notes

Levels and vault maps discovered:
D:1:      dpeg_arrival_solitude, layout_rooms, serial_curves, eino_curves_04,
          eino_curves_01, shapermc_ecumenical_altar_totnotflames,
          minmay_stone_trees_medium, nrook_campfire, st_stairs_5
D:2:      wad_lake_hut, layout_loops_ring
D:3:      layout_basic, nicolae_ru_great_annihilating_truth,
          yredelemnul_forgotten_temple_becter
D:4:      layout_basic, nicolae_gozag_zags_fifth_avenue, grunt_qazlal_clouds
D:5:      layout_layer_cave, mainiacjoe_overflow_six_doors_small,
          minmay_temple_entry_nine_rooms, cheibrodos_sewer_entry_bend,
          serial_bayou, serial_bayou_lagoon_a, serial_bayou_pond_c,
          serial_bayou_pond_b, serial_bayou_shore_b, hangedman_decor_lopped,
          nicolae_concentric_dashed_squares_mild, grunt_decor_resistance
D:6:      layout_loops_cross, mainiacjoe_overflow_surrounded_room, serial_shops,
          shop, sword_in_stone, uniq_pikel
Temple:   hellmonk_temple_flake

Skill      XL: |  1  2  3  4  5  6  7 |
---------------+----------------------+-----
Axes           | 2 3 4 6 7 8 |  8.6
Fighting       | |  3.0
Armour         | |  2.6
Shields        | |  2.6

Action                     |  1- 3 |  4- 6 |  7- 9 || total
---------------------------+-------+-------+-------++-------
  Melee: War axe           |   130 |   110 |    73 ||   313
  Throw: Dart              |       |     8 |       ||     8
    Use: Potion            |       |     5 |       ||     5
         Scroll            |       |       |     2 ||     2
 Armour: Scale mail        |    97 |    96 |    82 ||   275
  Dodge: Dodged            |    62 |    47 |    31 ||   140
  Block: Buckler           |    23 |    12 |    14 ||    49

Table legend: (Time is in decaauts)
 A = Elapsed time spent in this place.
 B = Non-inter-level travel time spent in this place.
 C = Inter-level travel time spent in this place.
 D = Time resting spent in this place.
 E = Time spent auto-exploring this place.
 F = Levels seen in this place.
 G = Mean time per level.
                   A        B        C        D        E       F      G
               +--------+--------+--------+--------+--------+-----+--------+
         Total |   4848 |   4387 |    461 |      2 |   3626 |   7 |  692.6 |
       Dungeon |   4846 |   4385 |    461 |      2 |   3626 |   6 |  807.7 |
        Temple |      1 |      1 |      0 |      0 |      0 |   1 |    1.0 |
               +--------+--------+--------+--------+--------+-----+--------+

Top non-repeatable levels by time:
     D:5: 1783 daAuts
     D:2: 946 daAuts
     D:3: 890 daAuts
     D:1: 766 daAuts
     D:4: 450 daAuts
     D:6: 10 daAuts
  Temple: 1 daAuts
